 Dungeon Crawl Stone Soup version 0.23-a0-32-g1388f29e54 (webtiles) character file.

71 Mycaelis the Skirmisher (level 4, -3/40 HPs)
             Began as a Hill Orc Fighter on Aug 4, 2018.
             Was an Initiate of the Shining One.
             Slain by a crimson imp (4 damage)
             ... on level 3 of the Dungeon.
             The game lasted 00:05:04 (2165 turns).

Mycaelis the Skirmisher (Hill Orc Fighter)          Turns: 2165, Time: 00:05:04

Health: -3/40      AC:  1    Str: 19    XL:     4   Next: 24%
Magic:  4/4        EV:  9    Int:  8    God:    the Shining One [......]
Gold:   197        SH:  9    Dex: 10    Spells: 3/3 levels left

rFire    . . .     SeeInvis .   a - +0 long sword
rCold    . . .     Gourm    .   c - +0 shield
rNeg     . . .     Faith    .   e - -1 robe (curse)
rPois    .         Spirit   .   (no helmet)
rElec    .         Reflect  .   (no cloak)
rCorr    .         Harm     .   (no gloves)
MR       .....                  (no boots)
Stlth    +.........             (no amulet)
HPRegen  0.13/turn              (no ring)
MPRegen  0.09/turn              (no ring)

@: glowing
A: no striking features
a: Renounce Religion


You were on level 3 of the Dungeon.
You worshipped the Shining One.
The Shining One was noncommittal.
You were not hungry.

You visited 1 branch of the dungeon, and saw 3 of its levels.

You collected 197 gold pieces.

Inventory:

Hand Weapons
 a - a +0 long sword (weapon)
Armour
 b - a +0 scale mail
 c - a +0 shield (worn)
 e - a cursed -1 robe (worn)
 l - a cursed +0 ring mail
Scrolls
 i - a scroll of immolation
 j - a scroll of enchant weapon {unknown}
 k - a scroll of identify
 m - 2 scrolls of teleportation {unknown}
 n - 2 scrolls of magic mapping {unknown}
 q - a scroll of remove curse {unknown}
Potions
 d - a potion of might
 g - a potion of degeneration {unknown}
 h - a potion of curing {unknown}
 p - a potion of berserk rage {unknown}
Comestibles
 f - 4 rations
 o - a chunk of flesh


   Skills:
 + Level 4.2 Fighting
 * Level 3.6 Long Blades
 - Level 3.4 Armour
 - Level 3.8 Shields


You had 3 spell levels left.
You didn't know any spells.
Your spell library was empty.

Dungeon Overview and Level Annotations

Branches:
Dungeon (3/15)

Altars:
Wu Jian
Zin
The Shining One


Message History

The crimson imp hits you but does no damage.
The crimson imp hits you.
* * * LOW HITPOINT WARNING * * *
You closely miss the crimson imp.
The crimson imp is lightly wounded.
The crimson imp shouts, "Flee, thou feeble toenail-biting slime mould!"
You block the crimson imp's attack.
The crimson imp shouts, "Get thee gone, thou fawning rude-growing whip-jack!"
Okay, then.
You slash the crimson imp!
The crimson imp is severely wounded.
The crimson imp hits you.
* * * LOW HITPOINT WARNING * * *
The crimson imp barely misses you.
You riposte.
You barely miss the crimson imp.
The crimson imp is heavily wounded.
You hit the crimson imp but do no damage.
The crimson imp is heavily wounded.
The crimson imp hits you.
You die...

#.#.....#
#.#...ยง...
#.#####... #..##
.. ##..# . ##.#
#####.##
##....5.##
##.....@..##
#..........#
#..........#
#..........#
#(.........#
#..........#
##........#####
###.............
#..............


You could see a crimson imp.

Vanquished Creatures
  2 adders
  An ooze (D:1)
  A dart slug (D:2)
  A leopard gecko (D:2)
  A giant cockroach (D:1)
  3 goblins
  6 hobgoblins
  7 jackals
  4 kobolds
  2 ball pythons (D:1)
  2 bats (D:1)
  8 frilled lizards
  A quokka skeleton (D:3)
  7 rats
46 creatures vanquished.

Notes
Turn   | Place    | Note
-------+----------+-------------------------------------------
     0 | D:1      | Mycaelis the Hill Orc Fighter began the quest for the Orb.
     0 | D:1      | Reached XP level 1. HP: 19/19 MP: 1/1
   105 | D:1      | Reached XP level 2. HP: 7/27 MP: 2/2
  1007 | D:1      | Reached XP level 3. HP: 32/33 MP: 3/3
  1331 | D:2      | Reached skill level 4 in Fighting
  1388 | D:2      | Found a glowing golden altar of the Shining One.
  1410 | D:2      | Became a worshipper of the Shining One
  1512 | D:2      | Found a faded altar of an unknown god.
  1721 | D:2      | Found a glowing silver altar of Zin.
  1770 | D:2      | Found an ornate altar of the Wu Jian Council.
  1876 | D:2      | Reached XP level 4. HP: 25/40 MP: 4/4
  2164 | D:3      | HP: 1/40 [crimson imp (4)]
  2165 | D:3      | Slain by a crimson imp

Vault maps used:
D:1:      lemuel_arrival_hallway, corexii_leaking_fountain
D:2:      nicolae_overflow_crystal_walls, old_standard_altar, marbit_many_paths,
          chequers_ecumenical_altar_grove, hex_large

Skill      XL: |  1  2  3 |
---------------+----------+-----
Fighting       | 4 |  4.2
Long Blades    | 3 |  3.6
Armour         | |  3.4
Shields        | |  3.8

Action                   |  1- 3 |  4- 6 || total
-------------------------+-------+-------++-------
Melee: Long sword        |   109 |    63 ||   172
  Use: Potion            |     1 |       ||     1
       Scroll            |     3 |       ||     3
  Eat: Chunk             |     2 |     2 ||     4
Armor: Robe              |    12 |     3 ||    15
Dodge: Dodged            |    51 |    24 ||    75
Block: Shield            |    53 |    30 ||    83
       Rpst.: Long sword |    14 |     9 ||    23

Table legend:
 A = Spawn XP
 B = Non-spawn XP
 C = Spawn XP percentage of total XP
 D = Spawn monster count
 E = Non-spawn monster count
 F = Spawn count percentage of total count
 G = Total turns spent on level
                    A         B        C        D         E        F      G
               +---------+---------+-------+---------+---------+-------+---------
         Total |       0 |     102 |   0.0 |       0 |      46 |   0.0 |  2165
               +---------+---------+-------+---------+---------+-------+---------
           D:1 |       0 |      42 |   0.0 |       0 |      24 |   0.0 |  1279
           D:2 |       0 |      41 |   0.0 |       0 |      16 |   0.0 |   662
           D:3 |       0 |      19 |   0.0 |       0 |       6 |   0.0 |   224
               +---------+---------+-------+---------+---------+-------+---------
